 Dungeon Crawl Stone Soup version 0.30-a0-1059-g7dea3e163d (webtiles) character file.

Game seed: 2310336546258164077

1570082 MacCMillion the Merry Demigod (level 24, 210/210 HPs)
             Began as a Demigod Hunter on Apr 12, 2023.
             Escaped with the Orb
             ... and 3 runes!
             The game lasted 02:55:52 (78277 turns).

MacCMillion the Merry Demigod (Demigod Hunter)     Turns: 78277, Time: 02:55:53

Health: 210/210    AC: 29    Str: 12    XL:     24   Next: 97%
Magic:  44/44      EV: 51    Int:  8    God:
Gold:   8475       SH:  5    Dex: 49    Spells: 21/33 levels left

rFire   + + .      SeeInvis +    e - +27 heavy crossbow "Sniper" {heavy, Acc+∞ SInv}
rCold   + . .      Faith    .    (shield currently unavailable)
rNeg    + . .      Spirit   .    d - quicksilver dragon scales
rPois   .          Reflect  +    j - +2 helmet
rElec   .          Rampage  .    y - scarf "Muduts" {rC+ rF+, rN+}
rCorr   .                        l - +3 pair of gauntlets of War {Slay+5}
Will    +++..                    K - +2 pair of boots
Stlth   ++                       V - amulet "Kitigo" {Reflect Slay+2 SH+5}
HPRegen 0.55/turn                R - ring "Erosisi" {rF+ MP+9 Int-3 Slay+5 Stlth+}
MPRegen 0.29/turn                G - +4 ring of protection

@: studying 3 skills
A: high MP 1, forlorn, divine attributes, frail 1
0: Orb of Zot
}: 3/15 runes: serpentine, barnacled, slimy
a: no special abilities


You escaped.
You visited 11 branches of the dungeon, and saw 55 of its levels.
You also visited: Bailey and Wizlab.

You collected 10804 gold pieces.
You spent 2329 gold pieces at shops.

Inventory:

Hand Weapons
 a - a +9 longbow of freezing
 e - the +27 heavy crossbow "Sniper" (weapon) {heavy, Acc+∞ SInv}
   (You acquired it on level 6 of the Dungeon)

   Acc+∞: It never misses its target.
   SInv:      It lets you see invisible.
Missiles
 m - 5 throwing nets
Armour
 c - +5 steam dragon scales
 d - quicksilver dragon scales (worn)
 j - a +2 helmet (worn)
 l - the +3 pair of gauntlets of War (worn) {Slay+5}
   (You bought it in a shop on level 1 of the Elven Halls)

   Slay:      It affects your accuracy & damage with ranged weapons and melee
   (+5).
 y - the scarf "Muduts" (worn) {rC+ rF+, rN+}
   (You found it on level 4 of the Dungeon)

   rN:        It protects you from negative energy.
 K - a +2 pair of boots (worn)
Jewellery
 f - an amulet of regeneration
 r - the ring "Ytrefuiw" {rCorr Str+4}
   (You found it on level 4 of the Shoals)

   [ring of resist corrosion]

   Str:       It affects your strength (+4).
   rCorr:     It protects you from acid and corrosion.
 v - the ring of the Zealous God {rF+ rCorr Dex+2}
   (You acquired it on level 2 of the Vaults)

   [ring of resist corrosion]

   Dex:       It affects your dexterity (+2).
   rF:        It protects you from fire.
   rCorr:     It protects you from acid and corrosion.
 z - the ring "Coussoanan" {Fly rC- Dex+7}
   (You found it on level 3 of the Crypt)

   [ring of flight]

   Dex:       It affects your dexterity (+7).
   rC:        It makes you vulnerable to cold.
   Fly:       It grants you flight.
 A - a ring of poison resistance
 B - a ring of willpower
 G - a +4 ring of protection (right hand)
 Q - a ring of protection from cold
 R - the ring "Erosisi" (left hand) {rF+ MP+9 Int-3 Slay+5 Stlth+}
   (You found it on level 5 of the Pits of Slime)

   [ring of magical power]

   Int:       It affects your intelligence (-3).
   Slay:      It affects your accuracy & damage with ranged weapons and melee
   (+5).
   rF:        It protects you from fire.
   MP:        It affects your magic capacity (+9).
   Stlth:     It makes you more stealthy.
 V - the amulet "Kitigo" (around neck) {Reflect Slay+2 SH+5}
   (You found it on level 3 of the Elven Halls)

   [amulet of reflection]

   It reflects blocked missile attacks.
   Slay:      It affects your accuracy & damage with ranged weapons and melee
   (+2).
   SH:        It affects your SH (+5).
 Z - a ring of flight
Wands
 E - a wand of roots (36)
 H - a wand of acid (31)
 L - a wand of digging (38)
 M - a wand of mindburst (67)
 W - a wand of flame (60)
Scrolls
 b - 7 scrolls of immolation
 h - 19 scrolls of teleportation
 n - 8 scrolls of summoning
 p - 13 scrolls of fog
 s - 8 scrolls of blinking
 t - 4 scrolls of magic mapping
 u - 3 scrolls of silence
 w - 6 scrolls of enchant armour
 x - 5 scrolls of fear
 F - 8 scrolls of poison
 T - 5 scrolls of vulnerability
Potions
 g - 24 potions of curing
 i - 10 potions of attraction
 k - 6 potions of magic
 o - 6 potions of cancellation
 C - 14 potions of ambrosia
 D - 13 potions of brilliance
 I - 7 potions of lignification
 J - 10 potions of mutation
 P - 17 potions of heal wounds
 U - 3 potions of haste
 X - 4 potions of resistance
 Y - 6 potions of invisibility
Miscellaneous
 q - a tin of tremorstones (2/2)
 N - a box of beasts
 O - a phantom mirror
 S - a phial of floods


   Skills:
 + Level 22.8 Fighting
 O Level 27 Ranged Weapons
 - Level 11.0 Armour
 + Level 25.3 Dodging
 - Level 2.0 Stealth
 - Level 5.0 Spellcasting
 - Level 5.0 Hexes
 - Level 8.0 Translocations
 - Level 6.0 Air Magic
 - Level 5.0 Evocations


You had 21 spell levels left.
You knew the following spells:

 Your Spells              Type           Power      Damage    Failure   Level
a - Blink                 Tloc           28%        N/A       2%          2
b - Portal Projectile     Hex/Tloc       24%        N/A       10%         3
c - Apportation           Tloc           28%        N/A       1%          1
d - Swiftness             Air            11%        N/A       12%         3
e - Teleport Other        Tloc           14%        N/A       5%          3

Your spell library contained the following spells:

 Spells                   Type           Power      Damage    Failure   Level
 Gell's Gravitas          Tloc           14%        N/A       5%          3
 Slow                     Hex            40%        N/A       6%          1
 Vhi's Electric Charge    Tloc/Air       26%        N/A       9%          3
 Shock                    Conj/Air       24%        1d4       14%         1
 Momentum Strike          Conj/Tloc      16%        3d8       14%         2
 Confusing Touch          Hex            10%        N/A       19%         3
 Tukima's Dance           Hex            10%        N/A       19%         3
 Manifold Assault         Tloc           14%        N/A       19%         4
 Poisonous Vapours        Pois/Air       12%        N/A       22%         2
 Static Discharge         Conj/Air       12%        2-3/arc   22%         2
 Ensorcelled Hibernation  Hex/Ice        12%        N/A       26%         2
 Volatile Blastmotes      Fire/Tloc      16%        2d11      28%         3
 Cigotuvi's Dreadful Rot  Necr/Pois/Air  10%        N/A       32%         2
 Airstrike                Air            5%         2d(1-17)  38%         4
 Beastly Appendage        Tmut           4%         N/A       43%         1
 Foxfire                  Conj/Fire      8%         2x1d4     43%         1
 Freeze                   Ice            8%         1d3       43%         1
 Necrotise                Necr           8%         1d4       43%         1
 Sandblast                Erth           4%         2d4       43%         1
 Sting                    Tmut/Pois      8%         1d3       43%         1
 Summon Small Mammal      Summ           8%         N/A       43%         1
 Dazzling Flash           Conj/Hex       12%        N/A       45%         3
 Inner Flame              Hex/Fire       6%         N/A       45%         3
 Cause Fear               Hex            5%         N/A       52%         4
 Mephitic Cloud           Conj/Pois/Air  5%         N/A       54%         3
 Call Imp                 Summ           4%         N/A       58%         2
 Passwall                 Tmut/Erth      1%         N/A       58%         2
 Scorch                   Fire           4%         2d5       58%         2
 Searing Ray              Conj           4%         2d4       58%         2
 Sublimation of Blood     Necr           2%         N/A       58%         2
 Wereblood                Tmut           2%         N/A       58%         2
 Iskenderun's Mystic Bla  Conj/Tloc      8%         2d4       67%         4
 Summon Lightning Spire   Summ/Air       6%         N/A       80%         4
 Silence                  Hex/Air        5%         N/A       80%         5
 Call Canine Familiar     Summ           2%         N/A       82%         3
 Frozen Ramparts          Ice            4%         1d1       82%         3
 Hailstorm                Conj/Ice       2%         3d3       82%         3
 Ignite Poison            Fire/Tmut/Pois 2%         N/A       82%         3
 Ozocubu's Armour         Ice            2%         N/A       82%         3
 Spider Form              Tmut/Pois      2%         N/A       82%         3
 Stone Arrow              Conj/Erth      4%         3d7       82%         3
 Vampiric Draining        Necr           2%         2d6       82%         3
 Anguish                  Hex/Necr       3%         N/A       86%         4
 Fulminant Prism          Conj/Hex       3%         3d5       86%         4
 Leda's Liquefaction      Hex/Erth       3%         N/A       86%         4
 Summon Forest            Summ/Tloc      4%         N/A       95%         5
 Dispersal                Tloc           7%         N/A       95%         6
 Arcjolt                  Conj/Air       3%         1d13      98%         5
 Animate Armour           Summ/Erth      4%         N/A       99%         4
 Animate Dead             Necr           2%         N/A       99%         4
 Flame Wave               Conj/Fire      2%         2d4       99%         4
 Ice Form                 Ice/Tmut       2%         N/A       99%         4
 Olgreb's Toxic Radiance  Pois           2%         N/A       99%         4
 Petrify                  Tmut/Erth      2%         N/A       99%         4
 Sticky Flame             Conj/Fire      2%         2d3       99%         4
 Summon Ice Beast         Ice/Summ       2%         N/A       99%         4
 Freezing Cloud           Conj/Ice/Air   2%         6-21      99%         5
 Metabolic Englaciation   Hex/Ice        3%         N/A       99%         5
 Yara's Violent Unravell  Hex/Tmut       3%         3d4       99%         5
 Agony                    Necr           2%         N/A       100%        5
 Blade Hands              Tmut           1%         N/A       100%        5
 Fireball                 Conj/Fire      1%         3d3       100%        5
 Irradiate                Conj/Tmut      1%         3d12      100%        5
 Conjure Ball Lightning   Conj/Air       3%         3x3d6     100%        6
 Death Channel            Necr           1%         N/A       100%        6
 Eringya's Noxious Bog    Tmut/Pois      1%         N/A       100%        6
 Iron Shot                Conj/Erth      1%         9d1       100%        6
 Plasma Beam              Fire/Air       3%         2x1d14    100%        6
 Simulacrum               Ice/Necr       1%         N/A       100%        6
 Starburst                Conj/Fire      1%         6d3       100%        6
 Statue Form              Tmut/Erth      1%         N/A       100%        6
 Summon Cactus Giant      Summ           1%         N/A       100%        6
 Enfeeble                 Hex            5%         N/A       100%        7
 Haunt                    Necr/Summ      1%         N/A       100%        7
 Storm Form               Tmut/Air       3%         N/A       100%        7
 Summon Hydra             Summ           1%         N/A       100%        7
 Discord                  Hex            5%         N/A       100%        8
 Disjunction              Tloc           7%         N/A       100%        8
 Ignition                 Fire           1%         3d3       100%        8
 Infestation              Necr           1%         N/A       100%        8
 Lehudib's Crystal Spear  Conj/Erth      1%         10d2      100%        8
 Maxwell's Capacitive Co  Air            5%         ∞         100%        8
 Necromutation            Tmut/Necr      1%         N/A       100%        8
 Death's Door             Necr           1%         N/A       100%        9
 Shatter                  Erth           1%         3d5*      100%        9


Dungeon Overview and Level Annotations

Branches:
Dungeon (15/15)            Temple (0/1) D:4            Lair (5/5) D:11
 Shoals (4/4) Lair:2        Snake (4/4) Lair:2        Slime (5/5) Lair:5
    Orc (2/2) D:11            Elf (3/3) Orc:2        Vaults (5/5) D:14
  Crypt (3/3) Vaults:2       Tomb (0/3) Crypt:3      Depths (4/4) D:15
    Zot (5/5) Depths:4     Bailey (visited)          WizLab (visited)

Shops:
D:1 =*[!   D:2 *   D:10 [   Orc:1 *   Orc:2 *!(:(   Elf:1 [(=*   Elf:2 [
Shoals:1 (   Shoals:3 *   Shoals:4 [   Snake:1 (   Snake:3 =   Snake:4 =::
Vaults:1 =   Vaults:3 !?![   Vaults:4 (   Depths:2 (   Depths:3 :

Portals:
Hell: Depths:1 Depths:2 Depths:3 Depths:4
Abyss: Depths:3
Pandemonium: Orc:2 Depths:1 Depths:2 Depths:3 Depths:4
Ziggurat: Depths:4
Trove: D:12 (give +6 demon blade)

Annotations:
Snake:2 1 runed translucent door, Dopruoza's ghost, adept DsWn
Vaults:4 2 transporters
Crypt:1 2 transporters, Utoppaes's ghost, veteran GrFi
Zot:2 4 transporters


Innate Abilities, Weirdness & Mutations

You have an increased reservoir of magic. (+10% MP)
You shall have no god before yourself.
Your divine heritage dramatically boosts your attributes as you level up.
You are frail. (-10% HP)


Message History

You shoot a bolt. The bolt hits the Orb Guardian!!!
The Orb Guardian is heavily wounded.
You shoot a bolt. The bolt hits the Orb Guardian!!!!
You kill the Orb Guardian!
(D) Dungeon (T) Temple (L) Lair (A) Shoals (P) Snake Pit (M) Slime Pits (O) Orcish Mines (E) Elven Halls (V) Vaults (C) Crypt (W) Tomb (U) Depths (H) Hell (Z) Zot
Where to? (Enter - D:1 @ (x,y), ? - help)
There is a stone staircase leading up here.
You climb upwards.
There is a stone staircase leading down here.
You see here 5 poisoned darts.
There is a stone staircase leading up here.
You climb upwards.
There is a stone staircase leading down here.
You see here 6 boomerangs.
There is a stone staircase leading up here.
You climb upwards.
There is a stone staircase leading down here.
An efreet comes into view.
It is wielding a +4 scimitar of flaming.
The efreet gestures at you. The bolt of fire misses you.
You shoot a bolt. The bolt hits the efreet!!!!
You kill the efreet!
(D) Dungeon (T) Temple (L) Lair (A) Shoals (P) Snake Pit (M) Slime Pits (O) Orcish Mines (E) Elven Halls (V) Vaults (C) Crypt (W) Tomb (U) Depths (H) Hell (Z) Zot
Where to? (Enter - D:1 @ (x,y), ? - help)
An Orb Guardian comes into view.
You shoot a bolt. The bolt hits the Orb Guardian!!!!!
You kill the Orb Guardian!
(D) Dungeon (T) Temple (L) Lair (A) Shoals (P) Snake Pit (M) Slime Pits (O) Orcish Mines (E) Elven Halls (V) Vaults (C) Crypt (W) Tomb (U) Depths (H) Hell (Z) Zot
Where to? (Enter - D:1 @ (x,y), ? - help)
There is a staircase leading out of the dungeon here.
You have escaped!

####.#.#.#...##.#......[..#####
'..†......................[..>#
####.#####...#.##.#.#########.#
# #.†............#...........#
# ########.8################.#
# #...............#...#.#
########...8##...#####.#.#.#.#
#.........###.....# #.#...#.#
#.........####.@.## #.#...#.#
#..........##.....# #.#.#.#.#
#..........8##...#####.#.....#
#......................###...#
##..........8##############..##
##..∩......### ###...........#
##...........###...########.##
........).....##.##########.#
..######.#....†.............#


There were no monsters in sight!

Vanquished Creatures
  the Royal Jelly (Slime:5)
  4 dread liches (Zot:5)
  An ancient lich (Zot:5)
  3 orbs of fire
  Josephina (Zot:1)
  Vashnia (Snake:4)
  A shard shrike (Zot:1)
  4 Killer Klowns (Zot:5)
  3 curse toes
  Saint Roka (Elf:2)
  4 caustic shrikes
  10 golden dragons
  Nikola (Depths:1)
  A bone dragon (Crypt:3)
  2 electric golems (Zot:5)
  14 tentacled monstrosities
  Zenata (Elf:1)
  28 Orb Guardians
  A hellephant (Zot:1)
  A spectral shard shrike (Crypt:3)
  2 deep elf blademasters (Elf:3)
  A walking earthen tome (Depths:4)
  5 liches
  Rupert (Lair:3)
  A titan (Depths:2)
  3 deep elf master archers (Elf:3)
  9 quicksilver dragons
  An ancient champion (Crypt:2)
  9 death cobs
  28 acid blobs
  A sphinx (shapeshifter) (Depths:2)
  8 sphinxes
  2 krakens
  2 tengu reavers
  The ghost of
  112233 the Eclecticist, an adept DsNe of Gozag (Elf:3)
  Kirke (D:12)
  9 rockslimes
  16 storm dragons
  Roxanne (Elf:2)
  2 nagarajas
  3 shadow dragons
  4 revenants
  Ilsuiw (Shoals:3)
  7 azure jellies
  A fenstrider witch (Shoals:3)
  Donald (Elf:1)
  2 draconian monks
  An iron dragon (Depths:2)
  6 frost giants
  6 draconian scorchers
  3 draconian knights
  7 deep elf sorcerers
  3 fire giants
  A balrug (D:10)
  13 vault wardens
  A curse skull (Crypt:2)
  A spectral caustic shrike (Crypt:3)
  A juggernaut zombie (Crypt:3)
  4 deep elf elementalists
  6 draconian shifters
  5 draconian stormcallers
  13 ironbound preservers
  3 very ugly things
  12 ghouls
  2 ghost moths
  2 orc warlords (Vaults:4)
  3 demonspawn corrupters (WizLab)
  7 draconian annihilators
  A juggernaut skeleton (Crypt:2)
  8 ironbound thunderhulks
  8 quicksilver oozes
  A war gargoyle (Vaults:3)
  4 spriggan defenders
  2 reapers
  A rockslime zombie (Crypt:3)
  4 vampire knights
  8 green draconians
  17 black draconians
  8 stone giants
  6 deep elf annihilators (Elf:3)
  A deep elf demonologist (Elf:3)
  10 purple draconians
  9 red draconians
  11 yellow draconians
  3 dire elephants (Vaults:2)
  6 spark wasps
  13 white draconians
  2 pale draconians
  10 eidola
  2 green deaths (D:4)
  5 merfolk javelineers
  3 spectral quicksilver dragons (Crypt:3)
  6 ettins
  9 deep elf death magi
  Snorg (D:12)
  A quicksilver dragon zombie (Crypt:1)
  3 fire dragons
  13 yaktaur captains
  7 merfolk impalers
  10 jiangshi
  3 entropy weavers
  7 ice dragons
  A fenstrider witch zombie (Crypt:2)
  6 hydras
  7 vault guards
  A rakshasa (Depths:2)
  6 spriggan air magi
  9 great orbs of eyes
  2 caustic shrike simulacra
  An alligator snapping turtle (Shoals:2)
  4 catoblepae (Lair:5)
  14 centaur warriors
  A hell beast (D:5)
  2 spectral stone giants (Crypt:3)
  2 demonspawn (Orc:2)
  A merfolk avatar (Shoals:4)
  2 salamander tyrants
  5 ironbound frosthearts
  A death knight (Crypt:1)
  An anaconda (shapeshifter) (WizLab)
  7 merfolk aquamancers
  An ogre mage (D:15)
  6 boulder beetles
  23 dancing weapons
  2 deep troll shamans
  7 anacondas
  8 vampire magi
  5 two-headed ogres
  11 death yaks
  3 deep troll earth magi (Depths:1)
  12 naga warriors
  4 spriggan berserkers
  5 spectral storm dragons (Crypt:3)
  Urug (D:13)
  A quicksilver ooze zombie (Crypt:1)
  5 sun demons
  Amaemon (D:9)
  7 orc high priests (Orc:2)
  15 naga sharpshooters
  2 soul eaters
  6 spriggans
  A hell knight (Depths:2)
  9 shock serpents
  15 deep elf knights
  9 shadow wraiths
  Sonja (D:11)
  A sixfirhy (Orc:2)
  21 skeletal warriors
  A bunyip zombie (Crypt:1)
  6 glowing orange brains
  10 sea snakes
  48 deep trolls
  4 iron trolls
  A bog body (Crypt:3)
  5 skysharks
  A quicksilver dragon simulacrum (Crypt:1)
  10 flayed ghosts
  2 golden dragon zombies
  4 naga ritualists
  A spriggan simulacrum (Crypt:3)
  7 deep elf archers
  14 wizards
  4 harpies (Shoals:4)
  15 orc knights
  Pikel (D:7)
  14 lindwurms
  An orange crystal statue (Zot:5)
  30 deep elf zephyrmancers
  5 necromancers
  14 ironbound convokers
  28 deep elf pyromancers
  15 phantasmal warriors
  4 wolf spider zombies
  10 mana vipers
  7 fauns
  2 spectral ettins (Crypt:3)
  27 ugly things
  A stone giant zombie (Crypt:1)
  12 salamanders
  5 orc sorcerers
  15 manticores
  8 shining eyes
  5 centaur zombies (Crypt:3)
  A spectral centaur (Crypt:3)
  22 moths of wrath
  7 merfolk sirens
  2 worldbinders (WizLab)
  22 elephants
  9 cyclopes
  A guardian serpent (shapeshifter) (Elf:1)
  6 water nymphs
  8 guardian serpents
  An iron dragon skeleton (Crypt:2)
  A dire elephant zombie (Crypt:1)
  A frost giant skeleton (Crypt:2)
  2 rust devils
  11 vault sentinels
  An eye of devastation (Slime:5)
  40 black mambas
  3 orange demons
  21 naga magi
  6 centaur skeletons (Crypt:3)
  14 cane toads
  An eye of devastation (shapeshifter) (WizLab)
  A dire elephant skeleton (Crypt:3)
  A death yak zombie (Crypt:2)
  A hellion (Depths:4)
  7 rime drakes
  4 unseen horrors
  2 kobold demonologists (D:13)
  9 komodo dragons
  A yaktaur (shapeshifter) (Elf:1)
  46 yaktaurs
  A golden dragon simulacrum (Zot:1)
  An ice devil (Depths:1)
  19 freezing wraiths
  2 tengu conjurers (Depths:4)
  An anaconda simulacrum (Crypt:1)
  A spectral naga (Crypt:3)
  A red draconian skeleton (Crypt:3)
  An efreet (D:1)
  A red devil (Depths:4)
  5 harpy zombies
  36 merfolk
  4 spectral harpies (Crypt:3)
  An iron troll skeleton (Crypt:1)
  4 polar bears
  A pale draconian skeleton (Crypt:3)
  7 hornets
  A wind drake (shapeshifter) (Elf:3)
  2 hellwings
  5 trolls
  A queen bee (D:9)
  3 wind drakes
  An ice dragon zombie (Crypt:3)
  7 snapping turtles
  27 blink frogs
  A draconian simulacrum (Zot:1)
  12 dream sheep
  A jumping spider (Vaults:2)
  147 slime creatures
  2 air elementals
  10 flying skulls (Crypt:1)
  7 wraiths
  A shadow (D:11)
  2 ynoxinuls
  5 fire elementals
  25 water elementals
  A black mamba skeleton (Crypt:1)
  9 humans
  An orc simulacrum (Crypt:3)
  Eustachio (D:4)
  A hog (D:12)
  6 wyverns
  99 yaks
  5 basilisks
  2 chaos spawn
  An alligator snapping turtle simulacrum (Crypt:3)
  A golden eye (shapeshifter) (Depths:2)
  A golden eye (Slime:5)
  4 steam dragons
  5 redbacks
  Menkaure (D:6)
  40 nagas
  A yellow draconian simulacrum (Zot:1)
  5 vampire mosquitoes (D:12)
  A skyshark zombie (Crypt:3)
  A warg (shapeshifter) (Depths:3)
  2 harpy simulacra
  8 acid dragons
  2 wargs (Orc:2)
  18 water moccasins
  Duvessa (D:6)
  An entropy weaver zombie (Crypt:2)
  2 hydra simulacra (Zot:1)
  A floating eye (WizLab)
  2 moth of wrath simulacra (Zot:1)
  39 orc warriors
  A demonspawn skeleton (Crypt:1)
  2 sky beasts
  2 ice beasts
  A hornet zombie (Crypt:3)
  3 black bears
  A boggart (WizLab)
  10 centaurs
  A manticore zombie (Shoals:1)
  36 wolves
  8 ogres
  An elephant skeleton (Crypt:3)
  A lemure (D:7)
  6 kobold brigands
  12 bullfrogs
  6 earth elementals
  A gnoll sergeant (D:9)
  6 scorpions
  4 necrophages
  A wyvern zombie (Crypt:1)
  11 wights
  Dowan (D:6)
  2 troll zombies
  32 killer bees
  5 howler monkeys
  4 crimson imps (D:9)
  A wolf skeleton (Crypt:1)
  A hound (D:7)
  31 orc priests
  A black bear zombie (Crypt:2)
  5 jellies
  A gnoll bouda (D:4)
  Jessica (D:2)
  5 sleepcaps
  An iguana (D:4)
  11 orc wizards
  2 boggart skeletons (Crypt:3)
  2 boggart zombies (Crypt:3)
  5 hell rats (Lair:1)
  2 naga skeletons (Crypt:1)
  A boggart simulacrum (D:14)
  A steam dragon zombie (Crypt:1)
  13 gnolls
  6 adders
  11 river rats (Lair:1)
  2 white imps
  A howler monkey simulacrum (D:10)
  2 ufetubi (D:5)
  2 worms
  3 dart slugs
  76 orcs
  A bat zombie (Shoals:1)
  7 endoplasms
  4 giant cockroaches
  A gnoll zombie (Crypt:3)
  13 goblins
  9 hobgoblins
  10 jackals
  12 quokkas
  3 training dummies (Snake:1)
  10 ball pythons
  A ball python skeleton (Crypt:2)
  6 bats
  A frilled lizard (D:2)
  A giant cockroach zombie (Crypt:3)
  17 kobolds
  24 rats
2425 creatures vanquished.

Vanquished Creatures (others)
  A deep elf zephyrmancer (Elf:1)
  2 humans
  2 bushes (D:11)
  41 fungi
  178 plants
224 creatures vanquished.

Grand Total: 2649 creatures vanquished

Notes
Turn   | Place    | Note
-------+----------+-------------------------------------------
     0 | D:1      | MacCMillion the Demigod Hunter began the quest for the Orb.
     0 | D:1      | Reached XP level 1. HP: 17/17 MP: 3/3
    27 | D:1      | Found Tuorgh's Armour Shoppe.
    32 | D:1      | Reached skill level 1 in Stealth
    72 | D:1      | Found Koucs's Assorted Antiques.
   123 | D:1      | Reached XP level 2. HP: 24/24 MP: 4/4
   159 | D:1      | Reached skill level 4 in Ranged Weapons
   202 | D:1      | Found Cierin's Jewellery Emporium.
   420 | D:1      | Reached XP level 3. HP: 29/29 MP: 5/5
   541 | D:1      | Got the Vellum of Mighty Charms
   551 | D:1      | Found Imerumosh's Distillery.
   713 | D:2      | Noticed Jessica
   717 | D:2      | Killed Jessica
   718 | D:2      | Reached skill level 5 in Ranged Weapons
   718 | D:2      | Reached XP level 4. HP: 36/36 MP: 6/6
   958 | D:2      | Found Inass's General Store.
  1449 | D:3      | Noticed an ogre
  1457 | D:3      | Killed an ogre
  1458 | D:3      | Reached skill level 6 in Ranged Weapons
  1458 | D:3      | Reached XP level 5. HP: 41/41 MP: 7/7
  1908 | D:4      | Reached XP level 6. HP: 23/48 MP: 8/8
  1949 | D:4      | Identified the scarf "Muduts" {rC+ rF+, rN+}
  2085 | D:4      | Reached skill level 7 in Ranged Weapons
  2377 | D:4      | Found a staircase to the Ecumenical Temple.
  2550 | D:4      | Noticed Eustachio
  2565 | D:4      | Killed Eustachio
  2566 | D:4      | Reached skill level 8 in Ranged Weapons
  2566 | D:4      | Reached XP level 7. HP: 36/53 MP: 9/9
  2954 | D:5      | Entered Level 5 of the Dungeon
  3129 | D:5      | Reached skill level 9 in Ranged Weapons
  3500 | D:5      | Reached XP level 8. HP: 60/60 MP: 10/10
  3705 | D:6      | Reached skill level 10 in Ranged Weapons
  4072 | D:6      | Identified a scroll of acquirement
  4074 | D:6      | Acquired the +27 heavy crossbow "Sniper" {heavy, Acc+∞
                  | SInv}
  4074 | D:6      | Found the +27 heavy crossbow "Sniper" {heavy, Acc+∞ SInv}
  4110 | D:6      | Noticed Menkaure
  4111 | D:6      | Killed Menkaure
  4993 | D:6      | Noticed Dowan
  5197 | D:6      | Noticed Duvessa
  5199 | D:6      | Killed Duvessa
  5200 | D:6      | Killed Dowan
  5498 | D:7      | Reached XP level 9. HP: 70/70 MP: 11/11
  5614 | D:7      | Reached skill level 11 in Ranged Weapons
  6866 | D:7      | Noticed Pikel
  6870 | D:7      | Killed Pikel
  7149 | D:7      | Identified the +1 robe "Netomm" {rF+ rC+}
  7631 | D:8      | Found a flagged portal.
  7637 | Bailey   | Entered a bailey
  7890 | Bailey   | Reached skill level 5 in Fighting
  7890 | Bailey   | Reached skill level 5 in Dodging
  7899 | Bailey   | Reached skill level 12 in Ranged Weapons
  7929 | Bailey   | Noticed an orc knight
  7931 | Bailey   | Killed an orc knight
  7932 | Bailey   | Reached XP level 10. HP: 81/81 MP: 13/13
  9517 | D:9      | Noticed Amaemon
  9608 | D:9      | Noticed a red ugly thing
 11391 | D:9      | Killed Amaemon
 11601 | D:9      | Reached skill level 13 in Ranged Weapons
 12743 | D:9      | Reached XP level 11. HP: 91/91 MP: 14/14
 13829 | D:10     | Entered Level 10 of the Dungeon
 14168 | D:10     | Reached skill level 14 in Ranged Weapons
 14228 | D:10     | Found Zitup's Armour Emporium.
 14538 | D:11     | Noticed a boulder beetle
 14542 | D:11     | Killed a boulder beetle
 14606 | D:11     | Noticed Sonja
 14687 | D:11     | Found a staircase to the Lair.
 14695 | D:11     | Noticed a two-headed ogre
 14696 | D:11     | Killed a two-headed ogre
 14833 | D:11     | Killed Sonja
 15019 | D:11     | Found a staircase to the Orcish Mines.
 15245 | Lair:1   | Entered Level 1 of the Lair of Beasts
 15266 | Lair:1   | Reached skill level 15 in Ranged Weapons
 15266 | Lair:1   | Reached XP level 12. HP: 103/103 MP: 15/15
 16845 | Lair:2   | Found a staircase to the Shoals.
 17019 | Lair:2   | Reached skill level 16 in Ranged Weapons
 17105 | Lair:2   | Found a runed translucent door.
 17271 | Lair:2   | Reached skill level 10 in Fighting
 17271 | Lair:2   | Reached skill level 10 in Dodging
 17422 | Lair:2   | Reached XP level 13. HP: 113/113 MP: 16/16
 17601 | Lair:2   | Found a staircase to the Snake Pit.
 18860 | Lair:3   | Identified the +7 hand axe of Jyawkot {flame, rPois rCorr
                  | Str-5}
 18917 | Lair:3   | Noticed Rupert
 18940 | Lair:3   | Killed Rupert
 20343 | Lair:4   | Reached skill level 17 in Ranged Weapons
 21033 | Lair:5   | Entered Level 5 of the Lair of Beasts
 21677 | Lair:5   | Reached XP level 14. HP: 124/124 MP: 17/17
 22121 | Lair:5   | Found a runed translucent door.
 22122 | Lair:5   | Found a staircase to the Slime Pits.
 22315 | Lair:5   | Reached skill level 18 in Ranged Weapons
 23691 | D:12     | Found a portal to a secret trove of treasure.
 23693 | D:12     | Noticed Snorg
 23695 | D:12     | Killed Snorg
 24334 | D:13     | Noticed Kirke
 24343 | D:12     | Killed Kirke
 24756 | Orc:1    | Entered Level 1 of the Orcish Mines
 25100 | Orc:1    | Found Seos's CLEARANCE SALE!.
 25471 | Orc:2    | Entered Level 2 of the Orcish Mines
 25488 | Orc:2    | Found Roimiach's Antique Weapon Emporium.
 25900 | Orc:2    | Found a staircase to the Elven Halls.
 26075 | Orc:2    | Reached XP level 15. HP: 134/134 MP: 18/18
 26094 | Orc:2    | Reached skill level 19 in Ranged Weapons
 26094 | Orc:2    | Found Niriokliacso's General Store.
 26147 | Orc:2    | Found Peenon's Distillery.
 27371 | Orc:2    | Found Gytaet's Book Boutique.
 27371 | Orc:2    | Found Eboy's Antique Weapon Shop.
 27372 | Orc:2    | Found a one-way gate leading to the halls of Pandemonium.
 27482 | Orc:1    | Learned a level 2 spell: Blink
 27695 | D:13     | Noticed Urug
 27697 | D:13     | Killed Urug
 27698 | D:13     | Reached skill level 1 in Translocations
 28404 | D:14     | Got the Annotations on Bodies
 28665 | D:14     | Reached skill level 5 in Translocations
 28932 | D:14     | Found a gate to the Vaults.
 29271 | D:15     | Entered Level 15 of the Dungeon
 29905 | D:15     | Found a staircase to the Depths.
 30368 | Snake:1  | Entered Level 1 of the Snake Pit
 30427 | Snake:1  | Found Uqonamn's Firing Range.
 31580 | Snake:2  | Reached XP level 16. HP: 140/144 MP: 11/19
 32026 | Snake:2  | Reached skill level 20 in Ranged Weapons
 32142 | Snake:2  | Found a runed translucent door.
 32142 | Snake:2  | Noticed Dopruoza's ghost (adept DsWn)
 33236 | Snake:3  | Found Reqenaif's Jewellery Shop.
 33888 | Snake:4  | Entered Level 4 of the Snake Pit
 34673 | Snake:4  | Found Eronga's Jewellery Boutique.
 34674 | Snake:4  | Found Netu's Book Shoppe.
 34674 | Snake:4  | Found Rekesamp's Book Shoppe.
 34996 | Snake:4  | Noticed a quicksilver dragon
 34998 | Snake:4  | Killed a quicksilver dragon
 34998 | Snake:4  | Noticed a quicksilver dragon
 34999 | Snake:4  | Reached skill level 21 in Ranged Weapons
 35003 | Snake:4  | Killed a quicksilver dragon
 35005 | Snake:4  | Noticed Vashnia
 35269 | Snake:4  | Reached XP level 17. HP: 108/154 MP: 20/20
 35786 | Snake:4  | Killed Vashnia
 35878 | Snake:4  | Got a serpentine rune of Zot
 36375 | Shoals:1 | Entered Level 1 of the Shoals
 36375 | Shoals:1 | Found Zeuru's Antique Weapon Shoppe.
 37945 | Shoals:3 | Found Cosowah's Assorted Antiques.
 37955 | Shoals:3 | Bought a pair of runed boots for 217 gold pieces
 38290 | Shoals:3 | Noticed Ilsuiw
 38292 | Shoals:3 | Killed Ilsuiw
 38460 | Shoals:3 | Acquired a manual of Dodging
 38517 | Shoals:4 | Entered Level 4 of the Shoals
 38522 | Shoals:4 | Reached skill level 1 in Armour
 38639 | Shoals:4 | Found Ybbohix's Armour Shoppe.
 38661 | Shoals:4 | Bought the +0 pair of fencer's gloves {Riposte Dex+3} for
                  | 640 gold pieces
 38661 | Shoals:4 | Found the +0 pair of fencer's gloves {Riposte Dex+3}
 38675 | Shoals:4 | Learned a level 3 spell: Portal Projectile
 39244 | Shoals:4 | Reached skill level 1 in Hexes
 39267 | Shoals:4 | Identified the ring "Ytrefuiw" {rCorr Str+4}
 39290 | Shoals:4 | Reached skill level 1 in Spellcasting
 39774 | Shoals:4 | Identified the staff of fire "Qoteczoa" {rF+ rC+ Str+4
                  | Stlth-}
 40814 | Shoals:4 | Got a barnacled rune of Zot
 40954 | Shoals:4 | Reached skill level 5 in Armour
 41282 | Elf:1    | Entered Level 1 of the Elven Halls
 41282 | Elf:1    | Found Gameez's Weapon Shop.
 41282 | Elf:1    | Found Enaeghis's Antique Armour Shop.
 41373 | Elf:1    | Reached skill level 15 in Dodging
 41382 | Elf:1    | Found Kouzonle's Jewellery Boutique.
 41400 | Elf:1    | Found Vusa Xaa's General Store.
 41438 | Elf:1    | Bought the +3 pair of gauntlets of War {Slay+5} for 1472
                  | gold pieces
 41438 | Elf:1    | Found the +3 pair of gauntlets of War {Slay+5}
 41546 | Elf:1    | Noticed Zenata
 41578 | Elf:1    | Reached XP level 18. HP: 82/162 MP: 26/26
 41696 | Elf:1    | Killed Zenata
 41697 | Elf:1    | Reached skill level 15 in Fighting
 41790 | Elf:1    | Noticed Donald
 41792 | Elf:1    | Killed Donald
 42109 | Elf:1    | Reached skill level 22 in Ranged Weapons
 42350 | Elf:1    | Got the Vellum of Arcane Combat and Attendants
 42714 | Elf:2    | Found Zukewicy's Armour Boutique.
 42923 | Elf:2    | Identified Roxanne's Codex of the Quake
 42923 | Elf:2    | Noticed Roxanne
 42925 | Elf:2    | Killed Roxanne
 43049 | Elf:2    | Found a runed translucent gate.
 43049 | Elf:2    | Found a runed translucent gate.
 43054 | Elf:2    | Found a runed translucent gate.
 43054 | Elf:2    | Noticed Saint Roka
 43253 | Elf:3    | Entered Level 3 of the Elven Halls
 43636 | Elf:3    | Identified the +3 scale mail "Geteg" {rN+ Will+ Str+5}
 43685 | Elf:3    | Found a runed translucent door.
 43685 | Elf:3    | Noticed 112233's ghost (adept DsNe)
 43750 | Elf:3    | Identified the +1 hand axe "Dukhlut" {heavy, Will+}
 44599 | Elf:3    | Identified the +11 whip of Dithmenos's Whim {heavy, Will+
                  | Dex+4}
 45002 | Elf:3    | Identified the +0 leather armour "Mirear" {rPois rF+}
 45012 | Elf:3    | Identified the amulet "Kitigo" {Reflect Slay+2 SH+5}
 45032 | Elf:3    | Got the Tome of Wounds and Vicissitude
 45051 | Elf:3    | Identified the +3 mace of Plague {heavy, rN+ rCorr Str+2
                  | Int+3}
 45078 | Elf:3    | Identified the amulet of the Turtledove {Regen+ Str+3
                  | Int+4}
 45082 | Elf:3    | Identified the +9 sling "Jeejoime" {elec, rElec}
 45095 | Elf:3    | Got Performing Successful Willworking
 45100 | Elf:3    | Identified the +6 dagger of the Hall of Blades {freeze,
                  | rPois}
 45511 | Vaults:1 | Entered Level 1 of the Vaults
 45514 | Vaults:1 | Reached skill level 1 in Evocations
 45799 | Vaults:1 | Found Awiwkem's Jewellery Shoppe.
 45839 | Vaults:1 | Found a magical portal.
 45848 | WizLab   | Entered Alistair's Party Mansion
 45850 | WizLab   | Reached skill level 5 in Evocations
 45965 | WizLab   | Reached XP level 19. HP: 172/172 MP: 22/27
 46066 | WizLab   | Learned a level 1 spell: Apportation
 46072 | WizLab   | Identified the staff of cold "Gywnavoed" {rC+ Int+2}
 46125 | WizLab   | Reached skill level 23 in Ranged Weapons
 46277 | WizLab   | Got the Compilation of Evolving Venin
 46324 | WizLab   | Acquired 945 gold pieces
 46379 | WizLab   | Got Vabu's Discursus on Virulence and Therianthropy
 46381 | WizLab   | Got the Handbook of the Dose and Transmigration
 48036 | Vaults:2 | Acquired the ring of the Zealous God {rF+ rCorr Dex+2}
 48054 | Vaults:2 | Found a staircase to the Crypt.
 49055 | Vaults:3 | Found Zeynuele's Distillery.
 49077 | Vaults:3 | Found Buratac's Magic Scroll Boutique.
 49202 | Vaults:3 | Found Ywkanub's Armour Emporium.
 49230 | Vaults:3 | Reached skill level 5 in Hexes
 49590 | Vaults:3 | Reached XP level 20. HP: 177/182 MP: 30/30
 49945 | Vaults:3 | You fall into a shaft and drop 1 floor!
 49965 | Vaults:4 | Found Upeyq's Weapon Shoppe.
 50332 | Vaults:3 | Found Cuehun's Distillery.
 50741 | Vaults:3 | Found Zeynuele's Distillery.
 50770 | Vaults:3 | Found Buratac's Magic Scroll Boutique.
 50840 | Vaults:3 | Found Ywkanub's Armour Emporium.
 50983 | Vaults:3 | Found Cuehun's Distillery.
 52016 | Vaults:3 | Reached skill level 24 in Ranged Weapons
 52710 | Vaults:4 | Identified the ring of the Fae Lime {Wiz rF+ Slay+2 SInv}
 53200 | Vaults:4 | Found a transporter.
 53215 | Vaults:4 | Found a transporter.
 53333 | Vaults:5 | Entered Level 5 of the Vaults
 53438 | Crypt:1  | Entered Level 1 of the Crypt
 53646 | Crypt:1  | Learned a level 3 spell: Swiftness
 53693 | Crypt:1  | Reached skill level 1 in Air Magic
 54324 | Crypt:1  | Reached skill level 5 in Air Magic
 54378 | Crypt:1  | Noticed a dread lich
 54384 | Crypt:1  | Noticed Utoppaes's ghost (veteran GrFi)
 54552 | Crypt:1  | Found a transporter.
 54555 | Crypt:1  | Found a transporter.
 54895 | Crypt:2  | Reached skill level 5 in Spellcasting
 55386 | Crypt:2  | Reached XP level 21. HP: 191/191 MP: 33/33
 55433 | Crypt:3  | Entered Level 3 of the Crypt
 55433 | Crypt:3  | Found a staircase to the Tomb.
 55807 | Crypt:3  | Found the +9 sword of Zonguldrok {reap}
 56158 | Crypt:3  | Identified the ring "Coussoanan" {Fly rC- Dex+7}
 56250 | Crypt:3  | Reached skill level 25 in Ranged Weapons
 56633 | Crypt:3  | Found the +8 frozen axe "Frostbite" {freeze, freezing
                  | cloud, *Noise Fly rC+}
 56893 | Crypt:3  | Found a staircase to the Tomb.
 57510 | Crypt:3  | Identified the +6 hand axe "Resimuf" {venom, rC- rN+
                  | Stlth+}
 57513 | Crypt:3  | Got the Omnibus of the Robin
 57516 | Crypt:3  | Identified the +2 dagger of the Traitor {venom, rCorr}
 57534 | Crypt:3  | Identified the +6 short sword "Saegrad" {flame, Str+2
                  | Dex+4}
 57539 | Crypt:3  | Learned a level 3 spell: Teleport Other
 58240 | Elf:2    | Identified the staff of poison "Ylum Cuo" {rElec rPois
                  | Will++}
 58408 | Elf:2    | Killed Saint Roka
 58911 | Elf:3    | Killed 112233's ghost
 59481 | Depths:1 | Entered Level 1 of the Depths
 59495 | Depths:1 | Found a gateway to Hell.
 59756 | Depths:1 | Identified the +7 glaive of Gepropell {heavy, MP+9 Str+6}
 59933 | Depths:1 | Noticed Nikola
 59938 | Depths:1 | Killed Nikola
 60711 | Depths:2 | Reached XP level 22. HP: 202/202 MP: 34/34
 60748 | Depths:2 | Noticed a caustic shrike
 60759 | Depths:2 | Killed a caustic shrike
 61103 | Depths:2 | Found Qom Aroxt's Weapon Shop.
 61244 | Depths:2 | Identified the +5 falchion "Xetucle" {heavy, Int+2}
 61383 | Depths:2 | Got the Essays on the Polar Singularity
 61598 | Depths:2 | Identified the staff of cold "Vineopyr" {+Blink rF++ rC+}
 62042 | Depths:3 | Found Taikh's Vocational Training.
 62308 | Depths:3 | Reached skill level 26 in Ranged Weapons
 62316 | Depths:3 | Identified the +1 scimitar "Demonslayer" {freeze, rF+}
 62583 | Depths:3 | Found a one-way gate to the infinite horrors of the Abyss.
 63212 | Depths:4 | Entered Level 4 of the Depths
 63212 | Depths:4 | Found a one-way gateway to a ziggurat.
 63218 | Depths:4 | Noticed a caustic shrike
 63220 | Depths:4 | Noticed a caustic shrike
 63220 | Depths:4 | Noticed a caustic shrike
 63416 | Depths:4 | Killed a caustic shrike
 63420 | Depths:4 | Killed a caustic shrike
 63422 | Depths:4 | Killed a caustic shrike
 64739 | Depths:4 | Found a gate to the Realm of Zot.
 65056 | Slime:1  | Entered Level 1 of the Pits of Slime
 65629 | Slime:1  | Reached skill level 10 in Armour
 65962 | Slime:3  | Gained mutation: You possess an exceptional clarity of
                  | mind. [a shining eye]
 66888 | Slime:5  | Entered Level 5 of the Pits of Slime
 67343 | Slime:5  | Reached XP level 23. HP: 213/213 MP: 35/35
 67971 | Slime:5  | Noticed the Royal Jelly
 68353 | Slime:4  | Reached skill level 27 in Ranged Weapons
 69178 | Slime:5  | Killed the Royal Jelly
 69433 | Slime:5  | Found the +3 crown of Dyrovepreva {rElec Int+2 SInv}
 69494 | Slime:5  | Acquired 1205 gold pieces
 69501 | Slime:5  | Identified the +3 double sword "Jeobbaak" {freeze, rElec
                  | rF+ rN+++ Int-5}
 69511 | Slime:5  | Identified the ring "Erosisi" {rF+ MP+9 Int-3 Slay+5
                  | Stlth+}
 69523 | Slime:5  | Identified the +7 shortbow "Xaex" {heavy, rElec Will+++
                  | Dex-4 SInv}
 69553 | Slime:5  | Identified the +6 chain mail of Henotheism {rElec Int+2
                  | SInv}
 69575 | Slime:5  | Identified the staff of poison "Ceqat" {*Slow rPois Str+6
                  | Int+2}
 69577 | Slime:5  | Got a slimy rune of Zot
 70031 | Zot:1    | Entered Level 1 of the Realm of Zot
 70163 | Zot:1    | Identified the ring "Wohotezi" {Ice Will+}
 70163 | Zot:1    | Noticed Josephina
 70166 | Zot:1    | Killed Josephina
 70648 | Zot:1    | Noticed a shard shrike
 71455 | Zot:1    | Killed a shard shrike
 72020 | Zot:2    | Found a transporter.
 72024 | Zot:2    | Found a transporter.
 72026 | Zot:2    | Found a transporter.
 72082 | Zot:2    | Found a transporter.
 72697 | Zot:3    | You fall into a shaft and drop 1 floor!
 73580 | Zot:3    | Reached XP level 24. HP: 226/226 MP: 35/35
 73901 | Zot:4    | Noticed an orb of fire
 73941 | Zot:4    | Got the Elucidation of Transformation and Breccia
 75012 | Zot:4    | Killed an orb of fire
 75220 | Zot:5    | Entered Level 5 of the Realm of Zot
 76073 | Zot:5    | Noticed a dread lich
 76076 | Zot:5    | Killed a dread lich
 76448 | Zot:5    | Noticed an orb of fire
 76448 | Zot:5    | Gained mutation: You have hidden genetic defects. [an orb
                  | of fire]
 76453 | Zot:5    | Killed an orb of fire
 76565 | Zot:5    | Noticed a Killer Klown
 76565 | Zot:5    | Noticed a Killer Klown
 76569 | Zot:5    | Killed a Killer Klown
 76573 | Zot:5    | Killed a Killer Klown
 76851 | Zot:5    | Noticed a Killer Klown
 76852 | Zot:5    | Noticed a dread lich
 76855 | Zot:5    | Killed a dread lich
 76856 | Zot:5    | Killed a Killer Klown
 76857 | Zot:5    | Gained mutation: You occasionally lose the ability to read
                  | scrolls when taking damage. [hidden defects]
 76858 | Zot:5    | Lost mutation: You occasionally lose the ability to read
                  | scrolls when taking damage. [potion of mutation]
 76858 | Zot:5    | Lost mutation: You have hidden genetic defects. [potion of
                  | mutation]
 76858 | Zot:5    | Lost mutation: You possess an exceptional clarity of mind.
                  | [potion of mutation]
 76858 | Zot:5    | Gained mutation: Your muscles are strong. (Str +4, Int/Dex
                  | -1) [potion of mutation]
 76858 | Zot:5    | Lost mutation: Your muscles are strong. (Str +4, Int/Dex
                  | -1) [potion of mutation]
 76858 | Zot:5    | Gained mutation: You are frail. (-10% HP) [potion of
                  | mutation]
 77113 | Zot:5    | Noticed a Killer Klown
 77113 | Zot:5    | Noticed an ancient lich
 77159 | Zot:5    | Killed a Killer Klown
 77260 | Zot:5    | Noticed an orb of fire
 77261 | Zot:5    | Killed an orb of fire
 77309 | Zot:5    | Killed an ancient lich
 77505 | Zot:5    | Noticed a dread lich
 77508 | Zot:5    | Killed a dread lich
 77603 | Zot:5    | Noticed a dread lich
 77609 | Zot:5    | Killed a dread lich
 77642 | Zot:5    | Acquired 1356 gold pieces
 77669 | Zot:5    | Got the Orb of Zot
 77738 | Zot:3    | Noticed Ecse Ler the pandemonium lord
 78277 | D:$      | Escaped with the Orb!

Illustrated notes

Levels and vault maps discovered:
D:1:      psy_arrival_basics, layout_basic, serial_shops, shop,
          nicolae_shop_behind_doors, shop, nicolae_shop_behind_doors,
          minmay_pentomino_r2
D:2:      layout_basic, basic_altar, serial_shops, shop, minmay_small_reverse_x,
          uniq_jessica
D:3:      layout_rooms, kennysheep_slug_shrine, grunt_ministairs_6
D:4:      layout_layer_cave, minmay_temple_entry_offerings, uniq_eustachio
D:5:      layout_loops_ring, lemuel_doored_altar
D:6:      layout_loops_corners, nicolae_ru_awakened_eye, uniq_duvessa,
          uniq_menkaure
D:7:      layout_loops_ring, lemuel_crystal_altar, kennysheep_mini_moat,
          uniq_pikel
D:8:      layout_layer_cave, enter_bailey_3, serial_bayou_crossing
D:9:      layout_layer_cave, led_xom_imps, special_room [special_room_bee],
          uniq_amaemon
D:10:     layout_basic, serial_shops, nicolae_take_the_stairs,
          grunt_ministairs_14, amcnicky_mini_pool_small, kennysheep_just_a_vault
D:11:     layout_basic, minmay_lair_entry_grove, orc_0_dummy,
          minmay_misc_feat_square, nicolae_elevator_lobby_asterisk, uniq_sonja
D:12:     layout_loops_corners, enter_trove_6, uniq_snorg
D:13:     layout_long_grid, uniq_kirke, uniq_urug
D:14:     layout_irregular_city, ximxim_vaults_locker_room,
          chequers_serial_rivers_small_a, okawaru_altar_gauntlet_db
D:15:     hangedman_depths_entry_civil_slaughter, layout_loops_ring,
          serial_park_tiny_2
Lair:1:   lemuel_ratsnest, layout_long_grid, grunt_forest_large_clearings
Lair:2:   layout_roguey, minmay_shoals_entry_beasts,
          minmay_snake_entry_guardpost_small, pdpol_lair_cabin_in_the_woods
Lair:3:   layout_hall_layers, uniq_rupert
Lair:4:   layout_regular_city
Lair:5:   evilmike_catoblepas_cave, layout_regular_city, slime_entry_2,
          grunt_megastairs_2
Shoals:1: layout_shoals, serial_shops, nicolae_shop_advertising_works
          [nicolae_subvault_shop_adworks], nicolae_shoals_undead_eyrie
Shoals:2: layout_shoals
Shoals:3: layout_shoals, serial_shops, shop,
          nicolae_shoals_beach_house_on_fowls_legs, uniq_ilsuiw
Shoals:4: shoals_end_simple, layout_shoals, serial_shops,
          nicolae_shop_hallway_stairs
Snake:1:  layout_chambers, basic_altar, nicolae_shop_firing_range
Snake:2:  layout_honeycomb, gammafunk_ghost_grave
Snake:3:  layout_chambers, serial_shops, shop
Snake:4:  hellmonk_snake_rune_quicksilver_temple, layout_grid_shapes,
          special_room, grunt_megastairs_5, lemuel_fruit_tree,
          minmay_shop_grove, uniq_vashnia
Slime:1:  layout_caves
Slime:2:  layout_caves
Slime:3:  layout_caves
Slime:4:  nicolae_slime_infinislime, layout_caves
Slime:5
Orc:1:    layout_caves, nicolae_orc_pool_cavern, nicolae_shop_clearance
Orc:2:    pf_orc_diabolical, layout_caves, serial_shops, nicolae_shop_trees
Elf:1:    layout_loops_ring, serial_shops, nicolae_shop_crystal, shop, shop,
          nicolae_shop_waterfront, shop, minmay_elf_sorcery, fountainhead,
          grunt_ministairs_11, uniq_donald, uniq_zenata
Elf:2:    elven_hall_of_blades_hangedman_original
          [nicolae_blade_entry_pointy_end], layout_geoelf_diagonals,
          serial_shops, shop, hangedman_elf_simple_split, due_unseen_surprise,
          uniq_saint_roka, uniq_roxanne
Elf:3:    minmay_elf_hall, layout_rooms, ebering_ghost_xom, grunt_ministairs_6
Vaults:1: mu_enter_wizlab_6, ontoclasm_vaults_twist, nicolae_vaults_rhombus_6,
          nicolae_vaults_shelves_hall, hangedman_vaults_trim, vaults_dpeg_cross,
          vaults_room_glass_cross, v_pattern_1,
          hangedman_vaults_stretched_pinwheel, v_misc_22,
          hangedman_vaults_locks, vaults_standard_mumra_enter_the_diamond,
          vaults_mumra_hexcomb, v_misc_30, layout_vaults_omnibox, serial_shops,
          shop
Vaults:2: v_misc_25, hangedman_vaults_corner, minmay_crypt_entry_simple_box,
          vaults_mumra_minichess, vaults_dpeg_diagonal, layout_vaults_quadrants
Vaults:3: nicolae_vaults_halls_meeting, nicolae_vaults_little_squares_2,
          vaults_mumra_minichess_inversion, v_misc_28, vaults_room_semicircle,
          hangedman_vaults_stretched_pinwheel, grunt_vaults_funnel, v_misc_10,
          ontoclasm_vaults_spin, hangedman_vaults_impose, v_misc_26,
          layout_vaults_maze, serial_shops, shop, shop, shop, shop
Vaults:4: vaults_dpeg_hooks, v_misc_12, hangedman_vaults_stitches,
          ontoclasm_vaults_hangar, gammafunk_the_bubble
          [the_bubble_gammafunk_crates], nicolae_vaults_ninety_degrees,
          vaults_room_semicircle, nicolae_vaults_little_squares_4,
          nicolae_vaults_shelves_hall, v_misc_4,
          nicolae_vaults_little_squares_5, ontoclasm_vaults_gateway,
          layout_vaults_chaotic_city, serial_shops,
          nicolae_shop_bloodbath_and_beyond
Vaults:5: serial_shops
Crypt:1:  layout_gridlike, gammafunk_ghost_arena, grunt_crypt_arrival_webbed
Crypt:2:  layout_chaotic_city
Crypt:3:  due_elkab, layout_chaotic_city, minmay_guarded_unrand_zonguldrok
Depths:1: layout_cave_shapes, roderic_lattice_octagonal_star, pf_coc_iceberg,
          pan_entry, chequers_serial_rivers_marsh,
          chequers_serial_rivers_micro_c, yredelemnul_altar_generic, uniq_nikola
Depths:2: minmay_box_of_curves, layout_basic, serial_shops, shop,
          serial_sigils_hangedman_snap, hell_entry, rand_demon_pan_entry_4,
          st_stairs_8, serial_bayou_shore_a, infiniplex_staircase_zigzag_1
Depths:3: minmay_octo_star, layout_honeycomb, hell_entry, pan_entry,
          abyss_entry, chequers_serial_rivers_room_b, nrook_campfire,
          serial_bayou_pond_b, nicolae_shop_vocational
Depths:4: evilmike_zot_entry_gauntlet, layout_cave_shapes, enter_ziggurat_b,
          hell_entry, rand_demon_pan_entry_9,
          nicolae_concentric_dashed_squares_wild, nicolae_water_bricks,
          minmay_strange_pillars, tso_metal_star
Zot:1:    layout_gridlike, hangedman_elemental_grid_stream, uniq_josephina
Zot:2:    layout_onion_interference, nicolae_diode_quadrants
Zot:3:    layout_onion
Zot:4:    layout_gridlike, zot_minivault_5
Zot:5:    layout_concentric_octagons

Skill      XL: |  1  2  3  4  5  6  7  8  9 10 11 12 13 14 15 16 17 18 19 20 21 22 23 24 |
---------------+-------------------------------------------------------------------------+-----
Stealth        | 1 2 |  2.0
Ranged Weapons | 4 5 6 8 9 10 12 13 15 16 17 18 19 21 22 23 24 25 26 27 | 27.0
Fighting       | 3 5 6 8 10 11 12 13 14 15 16 17 18 19 20 22 | 22.8
Dodging        | 3 5 6 8 10 11 12 13 14 15 16 17 18 19 20 23 25 | 25.3
Translocations | 7 8 |  8.0
Armour         | 5 7 8 10 11 | 11.0
Hexes          | 4 5 |  5.0
Spellcasting   | 3 4 5 |  5.0
Evocations     | 5 |  5.0
Air Magic      | 6 |  6.0

Action                     |  1- 3 |  4- 6 |  7- 9 | 10-12 | 13-15 | 16-18 | 19-21 | 22-24 || total
---------------------------+-------+-------+-------+-------+-------+-------+-------+-------++-------
   Fire: Shortbow          |   102 |   187 |   159 |    60 |       |       |       |       ||   508
         Heavy crossbow    |       |       |    74 |   281 |   470 |   651 |   809 |   786 ||  3071
         Longbow           |       |       |       |       |   239 |    22 |    31 |       ||   292
   Cast: Blink             |       |       |       |       |     4 |     1 |    10 |     4 ||    19
         Portal Projectile |       |       |       |       |       |     1 |    15 |    17 ||    33
         Apportation       |       |       |       |       |       |       |    18 |       ||    18
         Swiftness         |       |       |       |       |       |       |     1 |     4 ||     5
  Evoke: Wand              |       |       |       |       |       |       |     1 |       ||     1
    Use: Scroll            |       |       |    12 |     4 |    18 |    11 |    10 |    16 ||    71
         Potion            |       |       |       |       |       |       |     3 |     3 ||     6
 Armour: Leather armour    |    21 |    18 |    23 |       |    50 |    29 |       |       ||   141
         Steam dragon scal |       |       |       |    20 |     3 |    20 |    69 |    54 ||   166
         Quicksilver drago |       |       |       |       |       |       |       |     6 ||     6
  Dodge: Dodged            |    37 |    49 |    65 |   243 |   382 |   523 |   715 |   628 ||  2642
  Block: Other             |       |       |       |       |       |    22 |   123 |    81 ||   226
         Reflection        |       |       |       |       |       |     1 |    24 |     3 ||    28

Table legend: (Time is in decaauts)
 A = Elapsed time spent in this place.
 B = Non-inter-level travel time spent in this place.
 C = Inter-level travel time spent in this place.
 D = Time resting spent in this place.
 E = Time spent auto-exploring this place.
 F = Levels seen in this place.
 G = Mean time per level.
                   A        B        C        D        E       F      G
               +--------+--------+--------+--------+--------+-----+--------+
         Total |  81921 |  76441 |   5480 |  28686 |  33401 |  57 | 1437.2 |
       Dungeon |  20845 |  19074 |   1771 |   7484 |   8846 |  15 | 1389.7 |
          Lair |   9449 |   8457 |    992 |   3385 |   3449 |   5 | 1889.8 |
        Shoals |   5216 |   4892 |    324 |   1773 |   1799 |   4 | 1304.0 |
     Snake Pit |   6309 |   5976 |    333 |   1749 |   3219 |   4 | 1577.2 |
    Slime Pits |   4676 |   4511 |    165 |   2471 |   1138 |   5 |  935.2 |
  Orcish Mines |   2948 |   2684 |    264 |   1134 |   1098 |   2 | 1474.0 |
   Elven Halls |   5282 |   4995 |    287 |   2346 |   1783 |   3 | 1760.7 |
        Vaults |   7703 |   7314 |    389 |   2190 |   3860 |   5 | 1540.6 |
         Crypt |   4480 |   4279 |    201 |    763 |   2386 |   3 | 1493.3 |
        Depths |   6110 |   5615 |    495 |   1643 |   3224 |   4 | 1527.5 |
           Zot |   7772 |   7517 |    255 |   3301 |   2440 |   5 | 1554.4 |
        Bailey |    521 |    521 |      0 |    349 |     17 |   1 |  521.0 |
        Wizlab |    605 |    605 |      0 |     93 |    139 |   1 |  605.0 |
               +--------+--------+--------+--------+--------+-----+--------+

Top non-repeatable levels by time:
     D:9: 4714 daAuts
   Zot:5: 2549 daAuts
   Elf:3: 2406 daAuts
 Snake:4: 2352 daAuts
 Crypt:3: 2318 daAuts
  Lair:5: 2277 daAuts
Shoals:4: 2205 daAuts
   Orc:2: 2189 daAuts
Vaults:4: 2134 daAuts
Vaults:3: 2073 daAuts
Depths:4: 2019 daAuts
     D:7: 2004 daAuts
  Lair:3: 1908 daAuts
Depths:2: 1886 daAuts
     D:6: 1844 daAuts
